 Dungeon Crawl Stone Soup version 0.26.0-10-g1f06aea511 (webtiles) character file.

Game seed: 3742101033489906238

53 Borgoz the Slasher (level 3, 0/30 HPs)
             Began as a Ghoul Gladiator on Jan 30, 2021.
             Slain by a frilled lizard (1 damage)
             ... on level 3 of the Dungeon.
             The game lasted 00:01:30 (1291 turns).

Borgoz the Slasher (Ghoul Gladiator)                Turns: 1291, Time: 00:01:31

Health: 0/30       AC:  4    Str: 17    XL:     3   Next: 89%
Magic:  2/2        EV: 12    Int:  3    God:
Gold:   88         SH:  0    Dex: 11    Spells: 2/2 levels left

rFire    . . .     SeeInvis .   a - +0 long sword
rCold    + . .     Faith    .   (no shield)
rNeg     + + +     Spirit   .   b - +0 leather armour
rPois    ∞         Reflect  .   c - +0 helmet
rElec    .         Harm     .   (no cloak)
rCorr    .         Rampage  .   (no gloves)
Will     .....                  (no boots)
Stlth    +.........             (no amulet)
HPRegen  0.00/turn              (no ring)
MPRegen  0.08/turn              (no ring)

@: about to teleport
A: claws 1, cold resistance 1, negative energy resistance 3, inhibited
regeneration, torment resistance, unbreathing
a: no special abilities


You were on level 3 of the Dungeon.
You visited 1 branch of the dungeon, and saw 4 of its levels.

You collected 88 gold pieces.

Inventory:

Hand Weapons
 a - a +0 long sword (weapon)
Missiles
 d - 3 throwing nets (quivered)
Armour
 b - a +0 leather armour (worn)
 c - a +0 helmet (worn)
Jewellery
 g - an uncursed ring of ice
Scrolls
 f - a scroll of teleportation
Potions
 e - a potion of mutation {unknown}


   Skills:
 + Level 2.6 Fighting
 * Level 3.2 Long Blades
 - Level 1.7 Throwing
 * Level 1.6 Armour
 + Level 3.0 Dodging


You had 2 spell levels left.
You didn't know any spells.
Your spell library was empty.

Dungeon Overview and Level Annotations

Branches:
Dungeon (4/15)
 Temple: D:4-7

Altars:
Xom

Annotations:
D:4 Grinder


Innate Abilities, Weirdness & Mutations

You thrive by killing the living.
You are immune to poison.
You have sharp fingernails.
Your flesh is cold resistant. (rC+)
You are immune to negative energy. (rN+++)
You do not regenerate when monsters are visible.
You are immune to unholy pain and torment.
You can survive without breathing.


Message History

Grinder blinks!
The phantom hits you!
Grinder blinks!
The phantom blinks!
You can move again.
Found a robe.
There is a stone staircase leading up here.
You climb upwards.
The hobgoblin shouts!
The gnoll shouts! x4
A frilled lizard comes into view.
Found 19 gold pieces.
There is a stone staircase leading down here.
As you read the scroll of teleportation, it crumbles to dust.
You feel strangely unstable.
The frilled lizard hisses angrily.
The gnoll hits you with a +0 halberd. The gnoll barely misses you.
The gnoll hits you with a +0 spear.
* * * LOW HITPOINT WARNING * * *
The hobgoblin hits you with a +0 club.
* * * LOW HITPOINT WARNING * * *
The frilled lizard bites you.
You die...

#########
#.......#
#.8.8.8.#
##...g.gg#
......l@>#
.#.....gg#
#.8$8.8.#
#.......#
#########


You could see 4 gnolls, a hobgoblin and a frilled lizard.

Vanquished Creatures
  A dart slug (D:1)
  4 leopard geckos
  5 giant cockroaches
  5 goblins
  4 hobgoblins
  4 jackals
  3 kobolds
  9 bats
  2 frilled lizards (D:1)
  5 rats
42 creatures vanquished.

Notes
Turn   | Place    | Note
-------+----------+-------------------------------------------
     0 | D:1      | Borgoz the Ghoul Gladiator began the quest for the Orb.
     0 | D:1      | Reached XP level 1. HP: 17/17 MP: 0/0
   285 | D:1      | Reached XP level 2. HP: 18/24 MP: 1/1
   384 | D:1      | Reached skill level 1 in Armour
   521 | D:1      | Reached XP level 3. HP: 28/30 MP: 2/2
  1170 | D:2      | Found a shimmering altar of Xom.
  1171 | D:2      | Found a shimmering altar of Xom.
  1172 | D:2      | Found a shimmering altar of Xom.
  1172 | D:2      | Found a shimmering altar of Xom.
  1174 | D:2      | Found a shimmering altar of Xom.
  1278 | D:2      | You fall into a shaft and drop 2 floors!
  1278 | D:4      | Noticed Grinder
  1279 | D:4      | Noticed a phantom
  1281 | D:4      | Paralysed by Grinder for 6 turns
  1291 | D:3      | HP: 1/30 [hobgoblin/+0 club (4)]
  1291 | D:3      | Slain by a frilled lizard

Illustrated notes

Levels and vault maps discovered:
D:1:      dpeg_arrival_arbitrary_a, layout_rooms
D:2:      layout_basic, grunt_ministairs_1, amcnicky_mini_rare_corridor_liquid,
          xom_redecorated
D:3:      layout_rooms, kennysheep_ying_yang, lemuel_coloured_pillars_altar,
          grunt_decor_clamped, grunt_ministairs_3, grunt_gozag_statues,
          uniq_robin
D:4:      layout_basic, minitemple, minmay_stone_trees_medium,
          kennysheep_generic_room_9, uniq_duvessa, uniq_edmund, uniq_menkaure,
          uniq_ijyb, uniq_grinder

Skill      XL: |  1  2  3 |
---------------+----------+-----
Long Blades    | 3 |  3.2
Armour         | 1 |  1.6
Dodging        | 3 |  3.0
Fighting       | |  2.6
Throwing       | |  1.7

Action                   || total
-------------------------++-------
Melee: Long sword        ||    95
  Use: Scroll            ||     3
Armor: Leather armour    ||    30
Dodge: Dodged            ||    87
       Rpst.: Long sword ||    19
